 Dungeon Crawl Stone Soup version 0.27-a0-1548-gf8a67e7463 (webtiles) character file.

Game seed: 14002751203420674549

101 wotkd0121004 the Sneak (level 4, 27/27 HPs)
             Began as an Octopode Earth Elementalist on July 13, 2021.
             Quit the game on level 3 of the Dungeon.
             The game lasted 00:02:52 (2948 turns).

wotkd0121004 the Sneak (OpEE)                       Turns: 2948, Time: 00:02:53

Health: 27/27      AC:  1    Str:  7    XL:     4   Next: 75%
Magic:  3/8        EV: 13    Int: 18    God:
Gold:   54         SH:  0    Dex: 12    Spells: 4/8 levels left

rFire    . . .     SeeInvis .   c - +0 whip
rCold    . . .     Faith    .   (no shield)
rNeg     . . .     Spirit   .   (helmet restricted)
rPois    .         Reflect  .   (no amulet)
rElec    .         Harm     .   (no ring)
rCorr    .         Rampage  .   (no ring)
Will     .....                  (no ring)
Stlth    +++.......             (no ring)
HPRegen  0.09/turn              (no ring)
MPRegen  0.11/turn              (no ring)
                                (no ring)
                                (no ring)

@: no status effects
A: almost no armour, amphibious, 8 rings, camouflage 1, gelatinous body 1,
(nimble swimmer 1), tentacles
a: no special abilities


You were on level 3 of the Dungeon.
You visited 1 branch of the dungeon, and saw 3 of its levels.

You collected 54 gold pieces.

Inventory:

Hand Weapons
 c - a +0 whip (weapon)
Missiles
 b - 53 stones
Wands
 j - a wand of digging (3)
Scrolls
 a - a scroll of fog {unknown}
 d - a scroll of vulnerability {unknown}
 e - a scroll of identify {unknown}
 f - 2 scrolls of enchant weapon {unknown}
 h - 2 scrolls of teleportation
Potions
 g - a potion of magic {unknown}
 i - a potion of curing {unknown}


   Skills:
 + Level 0.6 Fighting
 + Level 1.1 Maces & Flails
 + Level 2.1 Dodging
 + Level 4.3 Stealth
 + Level 2.7 Spellcasting
 + Level 1.0 Transmutations
 + Level 3.7 Earth Magic


You had 4 spell levels left.
You knew the following spells:

 Your Spells              Type           Power      Damage    Failure   Level
a - Sandblast             Erth           32%        2d9       3%          1
b - Stone Arrow           Conj/Erth      18%        3d8       24%         3

Your spell library contained the following spells:

 Spells                   Type           Power      Damage    Failure   Level
 Passwall                 Tmut/Erth      9%         N/A       10%         2
 Inner Flame              Hex/Fire       2%         N/A       45%         3
 Petrify                  Tmut/Erth      11%        N/A       54%         4
 Cause Fear               Hex            1%         N/A       86%         4
 Discord                  Hex            1%         N/A       100%        8


Dungeon Overview and Level Annotations

Branches:
Dungeon (3/15)

Altars:
Gozag
Yredelemnul


Innate Abilities, Weirdness & Mutations

You cannot wear most types of armour.
You are amphibious.
You can wear up to eight rings at the same time.
Your skin changes colour to match your surroundings (Stealth+).
Your rubbery body absorbs attacks. (AC +1, EV +1)
((You are camouflaged near water. (Stealth+)))
You have tentacles for arms and can constrict up to eight enemies at once.


Message History

Casting: Sandblast (safe; 3% risk of failure)
Confirm with . or Enter, or press ? or * to list all spells.
Aiming: Sandblast (safe; 3% risk of failure)
Press: ? - help, Shift-Dir - straight line, f/p - Ijyb
Aim: Ijyb, wielding a +0 dagger, wearing a +0 ring mail and carrying a wand of digging (3) (moderately wounded, constricted by you, 100% to hit)
The blast of sand hits Ijyb.
Ijyb is severely wounded.
You constrict Ijyb, but do no damage. Ijyb barely misses you.
Casting: Sandblast (safe; 3% risk of failure)
Confirm with . or Enter, or press ? or * to list all spells.
Aiming: Sandblast (safe; 3% risk of failure)
Press: ? - help, Shift-Dir - straight line, f/p - Ijyb
Aim: Ijyb, wielding a +0 dagger, wearing a +0 ring mail and carrying a wand of digging (3) (severely wounded, constricted by you, 100% to hit)
The blast of sand hits Ijyb!
Ijyb is almost dead.
You constrict Ijyb. Ijyb barely misses you.
Casting: Sandblast (safe; 3% risk of failure)
Confirm with . or Enter, or press ? or * to list all spells.
Aiming: Sandblast (safe; 3% risk of failure)
Press: ? - help, Shift-Dir - straight line, f/p - Ijyb
Aim: Ijyb, wielding a +0 dagger, wearing a +0 ring mail and carrying a wand of digging (3) (almost dead, constricted by you, 100% to hit)
The blast of sand hits Ijyb but does no damage.
Ijyb is almost dead.
You constrict Ijyb.
You kill Ijyb!
Your Maces & Flails skill increases to level 1!
Casting: Sandblast (safe; 3% risk of failure)
Confirm with . or Enter, or press ? or * to list all spells.
You can't see any susceptible monsters within range! (Use Z to cast anyway.) Unknown command.
Unknown command.
j - a wand of digging (3)
Things that are here:
a +0 dagger; a +0 ring mail; the goblin corpse of Ijyb This spell is extremely dangerous to cast!
Memorise Stone Arrow, consuming 3 spell levels and leaving 4?
You start memorising the spell.
You continue memorising. x3
You finish memorising.
Spell assigned to 'b'.
Unknown command.
Are you sure you want to abandon this character and quit the game? (Confirm with "yes".)

.. ##.## # ## .#. #...#
### ... .. #....# #..
.(.##. #.#...#####.#
......# ##.##...##.....
...#...###...........#.#
#.#....................#
#........#...........###
.......@######...##.####
####...## #...##.....
###.# ##.# #...#######
....# #. #...# ##### #
##.## #.# ### #.###.##
#......### #####.....


There were no monsters in sight!

Vanquished Creatures
  Ijyb (D:3)
  3 adders (D:2)
  5 bats
  2 endoplasms
  3 giant cockroaches
  A goblin (D:1)
  6 hobgoblins
  4 jackals (D:1)
  4 kobolds
  2 quokkas (D:2)
  7 ball pythons
  3 frilled lizards
  4 rats
45 creatures vanquished.

Notes
Turn   | Place    | Note
-------+----------+-------------------------------------------
     0 | D:1      | wotkd0121004 the Octopode Earth Elementalist began the
                  | quest for the Orb.
     0 | D:1      | Reached XP level 1. HP: 11/11 MP: 3/3
     2 | D:1      | Noticed a gargoyle
     4 | D:1      | Noticed a draconian
     4 | D:1      | Noticed a barachi
     6 | D:1      | Noticed a palentonga
     6 | D:1      | Noticed a demigod
     8 | D:1      | Noticed a spriggan
     8 | D:1      | Noticed a naga
    10 | D:1      | Noticed a demonspawn
    12 | D:1      | Noticed an elf
    12 | D:1      | Noticed an ogre
    14 | D:1      | Noticed a ghoul
    14 | D:1      | Noticed a vine stalker
    16 | D:1      | Noticed a troll
    16 | D:1      | Noticed a human
    18 | D:1      | Noticed a minotaur
    18 | D:1      | Noticed a formicid
    20 | D:1      | Noticed a merfolk
    20 | D:1      | Noticed a djinni
    22 | D:1      | Noticed an octopode
    24 | D:1      | Noticed a tengu
    24 | D:1      | Noticed a vampire
    26 | D:1      | Noticed a dwarf
    26 | D:1      | Noticed a felid
   207 | D:1      | Reached skill level 3 in Stealth
   319 | D:1      | Reached XP level 2. HP: 7/17 MP: 5/5
  1300 | D:2      | Reached XP level 3. HP: 21/21 MP: 6/6
  2166 | D:2      | Reached skill level 4 in Stealth
  2166 | D:2      | Reached XP level 4. HP: 27/27 MP: 7/7
  2223 | D:2      | You fall into a shaft and drop 1 floor!
  2225 | D:3      | Found a basalt altar of Yredelemnul.
  2232 | D:3      | Found an opulent altar of Gozag.
  2933 | D:3      | Noticed Ijyb
  2941 | D:3      | Killed Ijyb
  2942 | D:3      | Reached skill level 1 in Maces & Flails
  2948 | D:3      | Learned a level 3 spell: Stone Arrow
  2948 | D:3      | Quit the game

Illustrated notes

Levels and vault maps discovered:
D:1:      kb_arrival_jail, layout_loops_ring
D:2:      layout_basic
D:3:      layout_loops_cross, mainiacjoe_overflow_tiny_flanked, led_sif_book,
          mainiacjoe_overflow_large_starburst, uniq_ijyb

Skill      XL: |  1  2  3  4 |
---------------+-------------+-----
Stealth        | 3 4 |  4.3
Maces & Flails | 1 |  1.1
Fighting       | |  0.6
Dodging        | |  2.1
Spellcasting   | |  2.7
Transmutations | |  1.0
Earth Magic    | |  3.7

Action                   |  1- 3 |  4- 6 || total
-------------------------+-------+-------++-------
Melee: Whip              |    63 |    22 ||    85
       Unarmed           |     9 |       ||     9
       Constrict         |    18 |     9 ||    27
       Tentacles         |     8 |     4 ||    12
 Cast: Sandblast         |    16 |     6 ||    22
  Use: Scroll            |       |     1 ||     1
 Stab: Sleeping          |    14 |     2 ||    16
Armor: Skin              |     4 |     5 ||     9
Dodge: Dodged            |    52 |    16 ||    68

Table legend: (Time is in decaauts)
 A = Elapsed time spent in this place.
 B = Non-inter-level travel time spent in this place.
 C = Inter-level travel time spent in this place.
 D = Time resting spent in this place.
 E = Time spent auto-exploring this place.
 F = Levels seen in this place.
 G = Mean time per level.
                   A        B        C        D        E       F      G
               +--------+--------+--------+--------+--------+-----+--------+
         Total |   2955 |   2912 |     43 |    259 |   2319 |   3 |  985.0 |
       Dungeon |   2955 |   2912 |     43 |    259 |   2319 |   3 |  985.0 |
               +--------+--------+--------+--------+--------+-----+--------+

Top non-repeatable levels by time:
     D:2: 1305 daAuts
     D:1: 1294 daAuts
     D:3: 355 daAuts
